 Dungeon Crawl Stone Soup version 0.27-a0-1448-g9c78c815f3 (webtiles) character file.

Game seed: 6696423424024957396

54 Animzor the Gusty (level 3, -2/15 HPs)
             Began as a Felid Air Elementalist on July 5, 2021.
             Was an Initiate of Nemelex Xobeh.
             Hit by a stone thrown by a gnoll (3 damage)
             ... on level 2 of the Dungeon.
             The game lasted 00:25:51 (2720 turns).

Animzor the Gusty (Felid Air Elementalist)          Turns: 2720, Time: 00:25:52

Health: -2/15      AC:  3    Str:  6    XL:     3   Next: 66%
Magic:  5/7        EV: 18    Int: 23    God:    Nemelex Xobeh [......]
Gold:   53         SH:  0    Dex: 16    Spells: 3/6 levels left
                                        Lives:  0   Deaths: 0

rFire    . . .     SeeInvis +   (weapon unavailable)
rCold    . . .     Faith    +   (shield unavailable)
rNeg     . . .     Spirit   .   (armour unavailable)
rPois    .         Reflect  .   (helmet unavailable)
rElec    .         Harm     .   (cloak unavailable)
rCorr    .         Rampage  .   (gloves unavailable)
Will     .....                  (boots unavailable)
Stlth    ++........             c - amulet of faith
HPRegen  0.05/turn              a - +6 ring of intelligence
MPRegen  0.10/turn              (no ring)

@: quick
A: very small, claws 1, fangs 3, see invisible, speed 1, shaggy fur 1, stealthy
paws, no weapons or thrown items, no armour, multi-lived, iridescent scales 1,
robust 1, strong 1
a: Renounce Religion, Draw Escape, Draw Destruction, Draw Summoning


You were on level 2 of the Dungeon.
You worshipped Nemelex Xobeh.
Nemelex Xobeh was noncommittal.
You visited 1 branch of the dungeon, and saw 2 of its levels.

You collected 53 gold pieces.

Inventory:

Hand Weapons
 b - a +0 whip
 d - a +1 long sword
Missiles
 g - 2 boomerangs
Armour
 e - a +1 leather armour
Jewellery
 a - a +6 ring of intelligence (left paw)
 c - an amulet of faith (around neck)
Scrolls
 f - a scroll of enchant weapon


   Skills:
 + Level 0.1 Fighting
 + Level 3.2 Dodging
 + Level 2.8 Stealth
 + Level 0.3 Unarmed Combat
 + Level 2.4 Spellcasting
 + Level 1.2 Conjurations
 + Level 3.4 Air Magic


You had 3 spell levels left.
You knew the following spells:

 Your Spells              Type           Power      Damage    Failure   Level
a - Shock                 Conj/Air       52%        1d6       4%          1
b - Static Discharge      Conj/Air       13%        N/A       7%          2

Your spell library contained the following spells:

 Spells                   Type           Power      Damage    Failure   Level
 Swiftness                Air            18%        N/A       9%          3
 Airstrike                Air            9%         N/A       28%         4


Dungeon Overview and Level Annotations

Branches:
Dungeon (2/15)

Altars:
Nemelex Xobeh

Annotations:
D:2 Sigmund


Innate Abilities, Weirdness & Mutations

You have sharp claws.
You have razor-sharp teeth.
You have supernaturally acute eyesight. (SInv)
You cover ground quickly. (Speed+)
You are covered in fur. (AC +1)
Your paws help you pounce on unaware monsters.
You are incapable of wielding weapons or throwing items.
You cannot wear armour.
You gain extra lives every three experience levels.
You are partially covered in iridescent scales. (AC +2)
You are robust. (+10% HP)
Your muscles are strong. (Str +2)


Message History

The bat skeleton barely misses you.
The bat skeleton hits you but does no damage.
The bat skeleton closely misses you.
You scratch the bat skeleton but do no damage.
The bat skeleton is heavily damaged.
The bat skeleton misses you. The bat skeleton closely misses you.
A gnoll comes into view. It is wielding a +0 club.
The gnoll closely misses you.
You barely miss the bat skeleton.
The bat skeleton is heavily damaged.
The bat skeleton completely misses you. The bat skeleton barely misses you.
The bat skeleton hits you. The gnoll misses you.
You scratch the bat skeleton but do no damage.
You bite the bat skeleton.
The bat skeleton is severely damaged.
The bat skeleton barely misses you. x2; The bat skeleton hits you.
The gnoll hits you from afar with a +0 spear.
You scratch the bat skeleton.
You destroy the bat skeleton!
The gnoll hits you from afar with a +0 spear.
* * * LOW HITPOINT WARNING * * *
Casting: Shock (safe; 4% risk of failure)
Confirm with . or Enter, or press ? or * to list all spells.
The hobgoblin is struck by an arc of lightning!
You kill the hobgoblin!
The gnoll is struck by an arc of lightning.
The gnoll is heavily wounded.
The lightning grounds out.
A bat comes into view.
The gnoll barely misses you.
Casting: Static Discharge (safe; 7% risk of failure)
Confirm with . or Enter, or press ? or * to list all spells.
You can't see any susceptible monsters within range! (Use Z to cast anyway.)
You aren't carrying any potions.
Okay, then.
Okay, then.
Okay, then.
The gnoll throws a stone.
The stone hits you.
You die...
Your body disappears without a glow.

.......#.# #
####.....# #.
..#...).#
.#.####.#.....#
........#.....#
#.(..........####
#........##.....#
##
#........##.....# .
#......@.##.....#.#
#####..####.....#.#
##†## #.......#
#gg# #.....########
#gg# #.............
#..# ##############
#..# ##..## #8.b8#


You could see a gnoll and a goblin.

Vanquished Creatures
  2 adders (D:2)
  A gnoll (D:1)
  A dart slug (D:1)
  A bat skeleton (D:2)
  2 endoplasms (D:1)
  A giant cockroach (D:1)
  3 hobgoblins
  5 kobolds
  2 quokkas (D:1)
  2 bats
  2 frilled lizards (D:1)
  4 rats
26 creatures vanquished.

Notes
Turn   | Place    | Note
-------+----------+-------------------------------------------
     0 | D:1      | Animzor the Felid Air Elementalist began the quest for the
                  | Orb.
     0 | D:1      | Reached XP level 1. HP: 7/7 MP: 4/4
   852 | D:1      | Gained mutation: Your muscles are strong. (Str +2) [potion
                  | of mutation]
   852 | D:1      | Gained mutation: You are robust. (+10% HP) [potion of
                  | mutation]
   852 | D:1      | Gained mutation: You are partially covered in iridescent
                  | scales. (AC +2) [potion of mutation]
  1056 | D:1      | Found a faded altar of an unknown god.
  1171 | D:1      | Reached XP level 2. HP: 8/12 MP: 3/6
  1298 | D:1      | Reached skill level 1 in Conjurations
  1305 | D:1      | Learned a level 2 spell: Static Discharge
  1897 | D:1      | Reached XP level 3. HP: 15/15 MP: 4/7
  2377 | D:2      | Found a sparkling altar of Nemelex Xobeh.
  2383 | D:2      | Became a worshipper of Nemelex Xobeh the Trickster
  2510 | D:2      | Noticed Sigmund
  2720 | D:2      | Hit by a stone thrown by a gnoll

Illustrated notes

Levels and vault maps discovered:
D:1:      matt_arrival_los_fun, layout_loops_ring,
          ebering_ecumenical_altar_abandoned
D:2:      minmay_chambers_of_twos, layout_basic, basic_altar, uniq_jessica,
          uniq_sigmund

Skill      XL: |  1  2 |
---------------+-------+-----
Air Magic      | 3 |  3.4
Dodging        | 3 |  3.2
Conjurations   | 1 |  1.2
Fighting       | |  0.1
Stealth        | |  2.8
Unarmed Combat | |  0.3
Spellcasting   | |  2.4

Action                   || total
-------------------------++-------
Melee: Unarmed           ||    36
       Bite              ||     4
 Cast: Shock             ||    40
       Static Discharge  ||     4
  Use: Potion            ||     5
       Scroll            ||     3
Armor: Skin              ||     7
Dodge: Dodged            ||    73

Table legend: (Time is in decaauts)
 A = Elapsed time spent in this place.
 B = Non-inter-level travel time spent in this place.
 C = Inter-level travel time spent in this place.
 D = Time resting spent in this place.
 E = Time spent auto-exploring this place.
 F = Levels seen in this place.
 G = Mean time per level.
                   A        B        C        D        E       F      G
               +--------+--------+--------+--------+--------+-----+--------+
         Total |   2453 |   2453 |      0 |      0 |   1010 |   2 | 1226.5 |
       Dungeon |   2453 |   2453 |      0 |      0 |   1010 |   2 | 1226.5 |
               +--------+--------+--------+--------+--------+-----+--------+

Top non-repeatable levels by time:
     D:1: 1950 daAuts
     D:2: 503 daAuts
